AoeStats
← fishbonestew

Arabian Desert

509661303Analyzed
1v1 RM · 4d ago on Sep 27, 2026· 50m 35s· 2 players
Game mode
Random Map
Map size
Tiny (2 player)
Population
200
Speed
Normal
Resources
Standard
Victory
Conquest
Starting age
Dark Age
Ending age
Imperial Age
RankedLock teamsTeams togetherTeam positionsShared explorationLock speedFull tech treeHidden civsTurbo modeCheats
Victory
Defeat
🇺🇸 Danes · United States
1088
+15
🇪🇸 Danes · Spain
1071
-15
ibaporcanalejas
7:24 Loom
9:22 Feudal Age
10:57 Wheelbarrow
10:08 Double-Bit Axe
11:25 Horse Collar
17:22 Stone Mining
19:02 Fletching
20:35 Scale Barding Armor
22:22 Bloodlines
24:12 Gold Mining
28:02 Castle Age
29:03 Bow Saw
29:56 Bodkin Arrow
34:47 Ballistics
42:36 Masonry
42:23 Murder Holes
42:20 Guard Tower
46:31 Scale Mail Armor
46:42 Forging
48:47 Chain Mail Armor
49:09 Iron Casting
fishbonestew
7:17 Loom
9:41 Feudal Age
9:55 Man-at-Arms
10:26 Double-Bit Axe
20:02 Wheelbarrow
19:28 Arson
22:17 Castle Age
21:14 Wheelbarrow
21:44 Scale Mail Armor
21:54 Forging
22:24 Long Swordsman
23:05 Squires
22:50 Gambesons
30:52 Chain Mail Armor
51:02 Iron Casting
Connection lost

Rejoining the realm…

Still unreachable

The connection could not be restored.

Session expired

The server has moved on; the page needs a fresh start.